 Dungeon Crawl Stone Soup version 0.31-a0-1-g4198be8af4 (webtiles) character file.

Game seed: 1857390007338934127

3035 Adrian566 the Carver (level 9, 0/74 HPs)
             Began as a Red Draconian Gladiator on May 1, 2023.
             Was an Initiate of Gozag.
             Slain by a wyvern (4 damage)
             ... while paralysed by a hornet
             ... on level 9 of the Dungeon.
             The game lasted 00:08:48 (8374 turns).

Adrian566 the Carver (Red Draconian Gladiator)      Turns: 8374, Time: 00:08:49

Health: 0/74       AC: 11    Str: 18    XL:     9   Next: 56%
Magic:  9/9        EV:  2    Int:  8    God:    Gozag
Gold:   497        SH:  0    Dex: 16    Spells: 8/8 levels left

rFire   + . .        a - +3 long sword (flame)
rCold   . . .        j - +0 buckler
rNeg    . . .        (body armour unavailable)
rPois   .            b - +0 hat
rElec   .            (no cloak)
rCorr   .            z - +0 pair of gloves
SInv    +            h - +2 pair of boots
Will    .....        (no amulet)
Stlth   ++           x - ring of see invisible
HPRegen 0.32/turn    (no ring)
MPRegen 0.11/turn

%: no passive effects
@: paralysed, lethally poisoned (0 -> -6), slowed
A: breathe fire, AC +7, unfitting armour, fire resistance 1, cold-blooded
a: Breathe Fire, Renounce Religion, Potion Petition, Call Merchant, Bribe Branch


You were on level 9 of the Dungeon.
You worshipped Gozag.
Gozag was aware of your devotion.
You visited 2 branches of the dungeon, and saw 10 of its levels.

You collected 893 gold pieces.
You paid 396 gold pieces to Gozag.

Inventory:

Hand Weapons
 a - a +3 long sword of flaming (weapon)
Missiles
 c - 4 throwing nets
 d - a javelin
Armour
 b - a +0 hat (worn)
 h - a +2 pair of boots (worn)
 j - a +0 buckler (worn)
 z - a +0 pair of gloves (worn)
Jewellery
 v - a ring of wizardry
 x - a ring of see invisible (left hand)
Wands
 e - a wand of polymorph (11) (quivered)
 q - a wand of mindburst (33)
 y - a wand of charming (12)
Scrolls
 f - a scroll of poison
 g - a scroll of identify
 l - a scroll of enchant armour
 r - 3 scrolls of teleportation
 A - a scroll of fog
 B - 2 scrolls of noise
Potions
 i - 2 potions of haste {unknown}
 k - 2 potions of magic
 m - 2 potions of brilliance
 n - a potion of ambrosia
 o - a potion of resistance
 p - 2 potions of curing
 s - a potion of flight {unknown}
 t - 2 potions of attraction {unknown}
 u - a potion of mutation {unknown}
 w - 2 potions of cancellation {unknown}


   Skills:
 + Level 5.3 Fighting
 + Level 9.0 Long Blades
 + Level 1.8 Throwing
 + Level 6.3 Dodging
 + Level 3.3 Stealth
 * Level 5.8 Shields


You had 8 spell levels left.
You didn't know any spells.
Your spell library contained the following spells:

 Spells                   Type           Power      Damage    Failure   Level
 Apportation              Tloc           0%         N/A       47%         1
 Beastly Appendage        Tmut           0%         N/A       47%         1
 Scorch                   Fire           0%         2d5       63%         2
 Wereblood                Tmut           0%         N/A       63%         2
 Call Canine Familiar     Summ           0%         N/A       85%         3
 Gell's Gravitas          Tloc           0%         N/A       85%         3
 Portal Projectile        Hex/Tloc       0%         N/A       85%         3
 Spider Form              Tmut/Pois      0%         N/A       85%         3
 Teleport Other           Tloc           0%         N/A       85%         3
 Tukima's Dance           Hex            0%         N/A       85%         3
 Vhi's Electric Charge    Tloc/Air       0%         N/A       85%         3
 Flame Wave               Conj/Fire      0%         2d4       99%         4
 Leda's Liquefaction      Hex/Erth       0%         N/A       99%         4
 Alistair's Intoxication  Tmut/Pois      0%         N/A       100%        5
 Arcjolt                  Conj/Air       0%         1d10      100%        5
 Blade Hands              Tmut           0%         N/A       100%        5
 Summon Forest            Summ/Tloc      0%         N/A       100%        5
 Summon Mana Viper        Hex/Summ       0%         N/A       100%        5
 Dispersal                Tloc           0%         N/A       100%        6
 Plasma Beam              Fire/Air       0%         2x1d11    100%        6
 Summon Cactus Giant      Summ           0%         N/A       100%        6
 Chain Lightning          Conj/Air       0%         N/A       100%        9
 Fire Storm               Conj/Fire      0%         5d1       100%        9
 Shatter                  Erth           0%         3d5*      100%        9


Dungeon Overview and Level Annotations

Branches:
Dungeon (9/15)             Temple (1/1) D:5
   Lair: D:8-11         Orc: D:9-12

Altars:
Ashenzari
Cheibriados
Dithmenos
Fedhas
Gozag
Hepliaklqana
Kikubaaqudgha
Makhleb
Nemelex Xobeh
Okawaru
Qazlal
Ru
Sif Muna
Trog
Uskayaw
Vehumet
Wu Jian
Xom
Yredelemnul
Zin
The Shining One

Shops:
D:3 (


Innate Abilities, Weirdness & Mutations

You can breathe blasts of fire.
Your fiery red scales are hard. (AC +7)
You cannot fit into any form of body armour.
Your flesh is heat resistant. (rF+)
You are cold-blooded and may be slowed by cold attacks.


Message History

The hornet is severely wounded.
The wyvern bites you but does no damage.
The hornet misses you.
You hit the hornet. You burn the hornet.
The hornet is almost dead.
The wyvern bites you! You block the hornet's attack.
You are too injured to fight recklessly!
You are too injured to fight recklessly!
You are too injured to fight recklessly!
You are too injured to fight recklessly!
You are too injured to fight recklessly!
You are too injured to fight recklessly!
You are too injured to fight recklessly!
You are too injured to fight recklessly!
You are too injured to fight recklessly!
You are too injured to fight recklessly!
You are too injured to fight recklessly!
You are too injured to fight recklessly!
You are too injured to fight recklessly!
You are too injured to fight recklessly!
You are too injured to fight recklessly!
You are too injured to fight recklessly!
You are too injured to fight recklessly!
Unknown command.
You hit the hornet but do no damage.
Your tail-slap misses the hornet.
The hornet is almost dead.
The hornet stings you!
You feel yourself slow down. The wyvern closely misses you.
The hornet stings you.
* * * LOW HITPOINT WARNING * * *
You suddenly lose the ability to move!
The wyvern barely misses you.
You feel yourself speed up. The hornet stings you.
* * * LOW HITPOINT WARNING * * *
You are poisoned.
You feel yourself slow down. The wyvern bites you!
* * * LOW HITPOINT WARNING * * *
The hornet stings you but does no damage.
The wyvern bites you.
You die...
Your body crumbles into a pile of gold.

#+ #. #. ########
##.# #......# ##.$.
#..[.#.###.# #....
#..........#
####..l##....#.#####
......y@....##.#
#########.####.# #.#
#.# #.# #.# #.. ..#
### ###


You could see a hornet and a wyvern.

Vanquished Creatures
  Joseph (D:6)
  A wyvern (D:7)
  An ice beast (D:6)
  An orc warrior (D:8)
  2 black bears
  3 sky beasts
  An ogre (D:6)
  A centaur (D:8)
  A phantom (D:7)
  2 kobold brigands
  A bullfrog (D:7)
  2 scorpions
  13 wights
  A howler monkey (D:6)
  4 hounds
  6 orc priests
  2 iguanas
  A sleepcap (D:6)
  3 orc wizards
  Robin (D:3)
  4 gnolls (D:3)
  3 adders
  A shadow imp (D:8)
  A white imp (D:6)
  An ufetubus (D:4)
  4 dart slugs
  3 worms (D:3)
  25 orcs
  6 endoplasms
  4 giant cockroaches
  20 goblins
  8 hobgoblins
  A quokka (D:1)
  6 ball pythons
  3 bats
  5 frilled lizards
  13 kobolds
  7 rats
163 creatures vanquished.

Notes
Turn   | Place    | Note
-------+----------+-------------------------------------------
     0 | D:1      | Adrian566 the Draconian Gladiator began the quest for the
                  | Orb.
     0 | D:1      | Reached XP level 1. HP: 17/17 MP: 1/1
    35 | D:1      | Reached XP level 2. HP: 21/24 MP: 2/2
   143 | D:1      | Found a faded altar of an unknown god.
   250 | D:1      | Reached XP level 3. HP: 18/30 MP: 3/3
  1394 | D:3      | Reached XP level 4. HP: 37/37 MP: 4/4
  1498 | D:3      | Found Roficat's Weapon Shop.
  1833 | D:3      | Reached skill level 4 in Long Blades
  2035 | D:3      | Noticed Robin
  2066 | D:3      | Reached skill level 1 in Shields
  2088 | D:3      | Reached XP level 5. HP: 18/42 MP: 5/5
  2098 | D:3      | Killed Robin
  2384 | D:3      | Found a stormy altar of Qazlal.
  2972 | D:4      | Reached skill level 1 in Stealth
  2972 | D:4      | Reached XP level 6. HP: 51/51 MP: 6/6
  3125 | D:4      | Reached skill level 5 in Long Blades
  3184 | D:4      | Found a burning altar of Makhleb.
  3223 | D:5      | Entered Level 5 of the Dungeon
  3890 | D:5      | Found a staircase to the Ecumenical Temple.
  3911 | Temple   | Entered the Ecumenical Temple
  4058 | Temple   | Became a worshipper of Gozag Ym Sagoz the Greedy
  4110 | D:6      | Noticed an ice beast
  4116 | D:6      | Killed an ice beast
  4117 | D:6      | Your scales start taking on a fiery red colour.
  4117 | D:6      | Reached XP level 7. HP: 57/57 MP: 7/7
  4117 | D:6      | Gained mutation: Your flesh is heat resistant. (rF+) [Red
                  | Draconian growth]
  4374 | D:6      | Reached skill level 6 in Long Blades
  4626 | D:6      | Reached XP level 8. HP: 33/64 MP: 8/8
  4646 | D:6      | Reached skill level 5 in Dodging
  5118 | D:6      | Found a glowing golden altar of the Shining One.
  5312 | D:7      | Reached skill level 7 in Long Blades
  5553 | D:7      | Found an iron altar of Okawaru.
  5574 | D:7      | Noticed Joseph
  5582 | D:7      | HP: 3/66 [Joseph/+0 quarterstaff (12)]
  6047 | D:6      | Killed Joseph
  6048 | D:6      | Reached skill level 8 in Long Blades
  6048 | D:6      | Reached skill level 5 in Shields
  6048 | D:6      | Reached XP level 9. HP: 44/72 MP: 9/9
  7117 | D:7      | Found a sparkling altar of Nemelex Xobeh.
  7606 | D:8      | Reached skill level 5 in Fighting
  8116 | D:8      | Reached skill level 9 in Long Blades
  8373 | D:9      | Paralysed by a hornet for 3 turns
  8374 | D:9      | Slain by a wyvern

Illustrated notes

Levels and vault maps discovered:
D:1:      dpeg_arrival_arbitrary_c, layout_rooms,
          chequers_ecumenical_altar_simple
D:2:      layout_loops_ring
D:3:      layout_basic, mainiacjoe_overflow_catwalk, serial_shops, shop,
          uniq_robin
D:4:      layout_gridville, bloody_makhleb
D:5:      layout_basic, lemuel_temple_firewalk_b
D:6:      layout_cave_pods, nicolae_overflow_hidden_temple, st_stairs_14
D:7:      layout_basic, nemelex_spade_bored_becter, kennysheep_mini, uniq_joseph
D:8:      layout_basic, nicolae_ossuary_entry_monument
D:9:      minmay_bloctagon, layout_loops_corners, orc_0_dummy, serial_shops,
          shop, nicolae_take_the_stairs
Temple:   nicolae_temple_elliptical

Skill      XL: |  1  2  3  4  5  6  7  8  9 |
---------------+----------------------------+-----
Dodging        | 3 4 5 6 |  6.3
Long Blades    | 4 5 6 8 9 |  9.0
Shields        | 1 2 3 5 |  5.8
Fighting       | 3 4 5 |  5.3
Stealth        | 1 2 3 |  3.3
Throwing       | |  1.8

Action                     |  1- 3 |  4- 6 |  7- 9 || total
---------------------------+-------+-------+-------++-------
  Melee: Long sword        |   106 |   174 |   234 ||   514
         Tailslap          |     8 |    26 |    40 ||    74
 Invoke: Potion Petition   |       |       |     1 ||     1
Ability: Breathe Fire      |       |       |     4 ||     4
    Use: Scroll            |     7 |     8 |     6 ||    21
         Potion            |       |     1 |     8 ||     9
   Stab: Sleeping          |       |     1 |     1 ||     2
         Distracted        |       |       |     3 ||     3
 Armour: Skin              |    35 |    64 |    60 ||   159
  Dodge: Dodged            |    83 |   146 |   159 ||   388
  Block: Buckler           |    10 |    42 |    58 ||   110

Table legend: (Time is in decaauts)
 A = Elapsed time spent in this place.
 B = Non-inter-level travel time spent in this place.
 C = Inter-level travel time spent in this place.
 D = Time resting spent in this place.
 E = Time spent auto-exploring this place.
 F = Levels seen in this place.
 G = Mean time per level.
                   A        B        C        D        E       F      G
               +--------+--------+--------+--------+--------+-----+--------+
         Total |   8470 |   8128 |    342 |   1350 |   5506 |  10 |  847.0 |
       Dungeon |   8306 |   7989 |    317 |   1350 |   5385 |   9 |  922.9 |
        Temple |    163 |    138 |     25 |      0 |    121 |   1 |  163.0 |
               +--------+--------+--------+--------+--------+-----+--------+

Top non-repeatable levels by time:
     D:6: 1603 daAuts
     D:7: 1492 daAuts
     D:3: 1392 daAuts
     D:8: 1164 daAuts
     D:2: 793 daAuts
     D:5: 728 daAuts
     D:4: 602 daAuts
     D:1: 505 daAuts
  Temple: 163 daAuts
     D:9: 23 daAuts
